2776 views
Uploaded 2020-02-20 03:01:14
Game version 1.32 / 1.32.1
18:32 long 1on1 ladder game on (2)NorthernIsles
Saved by BEARAND
2776 views
Uploaded 2020-02-20 03:01:14
Game version 1.32 / 1.32.1
18:32 long 1on1 ladder game on (2)NorthernIsles

25 units @ 2.3k
/ 0.1k
76 buildings @ 4k
/ 2.1k



| Scroll of Regeneration | 3 | 300 |
| Potion of Healing | 3 | 450 |
| Staff of Sanctuary | 3 | 750 |
| Orb of Fire | 2 | 650 |
| Potion of Mana | 1 | 200 |
| Scroll of Town Portal | 1 | 350 |
| Staff of Teleportation | 3 | 450 |
| Boots of Speed | 3 | 750 |
| total: | 19 | 3900g |
| Peasant | 21 | 1575 | / | 0 |
| Priest | 1 | 135 | / | 10 |
| Sorceress | 1 | 155 | / | 20 |
| Dragonhawk Rider | 2 | 400 | / | 60 |
| total: | 25 | 2265g | / | 90w |
| Scout Tower | 60 | 1800 | / | 1200 |
| Arcane Tower | 4 | 280 | / | 200 |
| Guard Tower | 34 | 2380 | / | 1700 |
| Altar of Kings | 2 | 360 | / | 100 |
| Farm | 6 | 480 | / | 120 |
| Lumber Mill | 1 | 120 | / | 0 |
| Arcane Vault | 2 | 260 | / | 60 |
| Town Hall | 1 | 385 | / | 205 |
| Blacksmith | 1 | 140 | / | 60 |
| Barracks | 1 | 160 | / | 60 |
| Arcane Sanctum | 1 | 150 | / | 140 |
| Gryphon Aviary | 1 | 140 | / | 150 |
| Keep | 1 | 320 | / | 210 |
| Castle | 1 | 360 | / | 210 |
| total: | 76 | 3995g | / | 2095w |
| 0:01 | Peasant |
| 0:01 | Peasant |
| 0:07 | Altar of Kings |
| 0:17 | Farm |
| 0:29 | Peasant |
| 0:35 | Peasant |
| 0:43 | Scout Tower |
| 0:47 | Farm |
| 0:52 | Peasant |
| 0:59 | Peasant |
| 1:04 | Lumber Mill |
| 1:10 | Peasant |
| 1:11 | Peasant |
| 1:28 | Peasant |
| 1:30 | Scout Tower |
| 1:36 | Arcane Tower |
| 1:37 | Peasant |
| 1:47 | Arcane Vault |
| 1:56 | Scout Tower |
| 2:05 | Blizzard |
| 2:21 | Peasant |
| 2:21 | Guard Tower |
| 2:25 | Scout Tower |
| 2:40 | Guard Tower |
| 2:46 | Peasant |
| 2:48 | Peasant |
| 2:55 | Guard Tower |
| 2:57 | Scout Tower |
| 3:14 | Peasant |
| 3:24 | Guard Tower |
| 3:25 | Scout Tower |
| 3:26 | Brilliance Aura |
| 3:49 | Keep |
| 4:05 | Guard Tower |
| 4:06 | Scout Tower |
| 4:07 | Scout Tower |
| 4:10 | Farm |
| 4:11 | Farm |
| 4:22 | Improved Masonry |
| 4:33 | Staff of Teleportation |
| 4:33 | Boots of Speed |
| 4:38 | Advanced Masonry |
| 4:55 | Guard Tower |
| 5:19 | Guard Tower |
| 6:04 | Town Hall |
| 6:09 | Scout Tower |
| 6:10 | Scout Tower |
| 6:11 | Scout Tower |
| 6:12 | Scout Tower |
| 6:12 | Scout Tower |
| 6:12 | Scout Tower |
| 6:13 | Scout Tower |
| 6:13 | Scout Tower |
| 6:21 | Scout Tower |
| 6:26 | Scout Tower |
| 6:30 | Blizzard |
| 6:37 | Guard Tower |
| 6:39 | Arcane Tower |
| 7:00 | Scout Tower |
| 7:01 | Scout Tower |
| 7:01 | Scout Tower |
| 7:01 | Scout Tower |
| 7:02 | Guard Tower |
| 7:04 | Guard Tower |
| 7:09 | Scroll of Regeneration |
| 7:14 | Arcane Sanctum |
| 7:19 | Storm Bolt |
| 7:30 | Potion of Healing |
| 7:34 | Guard Tower |
| 7:36 | Guard Tower |
| 7:50 | Scout Tower |
| 7:51 | Scout Tower |
| 7:52 | Scout Tower |
| 7:52 | Scout Tower |
| 8:16 | Guard Tower |
| 8:27 | Staff of Teleportation |
| 8:30 | Boots of Speed |
| 8:47 | Farm |
| 8:48 | Farm |
| 8:50 | Potion of Healing |
| 8:52 | Potion of Healing |
| 8:53 | Peasant |
| 9:02 | Guard Tower |
| 9:10 | Magic Sentry |
| 9:42 | Arcane Tower |
| 9:43 | Guard Tower |
| 9:44 | Bash |
| 9:46 | Priest |
| 9:48 | Castle |
| 9:49 | Imbued Masonry |
| 9:51 | Improved Lumber Harvesting |
| 10:02 | Scroll of Regeneration |
| 10:13 | Scroll of Town Portal |
| 10:23 | Priest Adept Training |
| 10:24 | Sorceress Adept Training |
| 10:27 | Sorceress |
| 10:37 | Scout Tower |
| 10:37 | Scout Tower |
| 10:38 | Scout Tower |
| 10:38 | Scout Tower |
| 10:39 | Scout Tower |
| 10:40 | Scout Tower |
| 10:40 | Scout Tower |
| 11:05 | Brilliance Aura |
| 11:10 | Guard Tower |
| 11:23 | Scout Tower |
| 11:25 | Scout Tower |
| 11:26 | Scout Tower |
| 11:52 | Arcane Vault |
| 12:02 | Guard Tower |
| 12:05 | Scroll of Regeneration |
| 12:10 | Staff of Sanctuary |
| 12:23 | Guard Tower |
| 12:24 | Scout Tower |
| 12:25 | Scout Tower |
| 12:25 | Scout Tower |
| 12:26 | Scout Tower |
| 12:26 | Scout Tower |
| 12:27 | Scout Tower |
| 12:27 | Scout Tower |
| 12:29 | Guard Tower |
| 12:32 | Gryphon Aviary |
| 12:44 | Sorceress Master Training |
| 12:50 | Advanced Lumber Harvesting |
| 13:17 | Holy Light |
| 13:45 | Guard Tower |
| 13:50 | Guard Tower |
| 13:53 | Guard Tower |
| 14:14 | Staff of Sanctuary |
| 14:19 | Guard Tower |
| 14:21 | Staff of Sanctuary |
| 14:22 | Orb of Fire |
| 14:31 | Orb of Fire |
| 14:53 | Guard Tower |
| 14:59 | Boots of Speed |
| 14:59 | Staff of Teleportation |
| 15:07 | Guard Tower |
| 15:21 | Altar of Kings |
| 15:26 | Potion of Mana |
| 15:34 | Guard Tower |
| 16:20 | Scout Tower |
| 16:20 | Scout Tower |
| 16:21 | Scout Tower |
| 16:27 | Blacksmith |
| 16:30 | Barracks |
| 16:49 | Peasant |
| 16:49 | Peasant |
| 16:49 | Peasant |
| 16:52 | Peasant |
| 16:52 | Peasant |
| 16:52 | Peasant |
| 17:36 | Dragonhawk Rider |
| 17:36 | Dragonhawk Rider |
| 17:40 | Scout Tower |
| 17:40 | Scout Tower |
| 17:41 | Scout Tower |
| 17:41 | Scout Tower |
| 17:42 | Arcane Tower |
| 17:42 | Guard Tower |
| 18:04 | Scout Tower |
| 18:04 | Scout Tower |
| 18:05 | Scout Tower |
| 18:05 | Scout Tower |
| 18:06 | Scout Tower |
| 18:06 | Scout Tower |
| 18:07 | Scout Tower |
| 18:08 | Scout Tower |
| 18:09 | Scout Tower |
| 18:09 | Scout Tower |
| Right click | 1527 |
| Select | 621 |
| Build/train/purchase | 169 |
| Select group | 150 |
| Use ability | 63 |
| Chat | 41 |
| Misc. action | 36 |
| Assign group | 23 |
| Item give/drop | 10 |
| Remove unit | 1 |
25 units @ 4.5k
/ 0.8k
16 buildings @ 2.5k
/ 1.2k



| Rod of Necromancy | 3 | 450 |
| total: | 3 | 450g |
| Acolyte | 7 | 525 | / | 0 |
| Ghoul | 3 | 360 | / | 0 |
| Crypt Fiend | 9 | 1935 | / | 360 |
| Obsidian Statue | 2 | 400 | / | 70 |
| Meat Wagon | 2 | 460 | / | 100 |
| Frost Wyrm | 2 | 770 | / | 240 |
| total: | 25 | 4450g | / | 770w |
| Nerubian Tower | 1 | 100 | / | 20 |
| Graveyard | 1 | 215 | / | 0 |
| Crypt | 1 | 200 | / | 50 |
| Altar of Darkness | 1 | 180 | / | 50 |
| Ziggurat | 8 | 1200 | / | 400 |
| Tomb of Relics | 1 | 130 | / | 30 |
| Slaughterhouse | 1 | 140 | / | 135 |
| Sacrificial Pit | 1 | 75 | / | 150 |
| Temple of the Damned | 1 | 155 | / | 140 |
| Boneyard | 1 | 175 | / | 200 |
| Halls of the Dead | 1 | 320 | / | 210 |
| Black Citadel | 1 | 325 | / | 230 |
| total: | 16 | 2470g | / | 1155w |
| 0:01 | Acolyte |
| 0:07 | Graveyard |
| 0:09 | Crypt |
| 0:16 | Acolyte |
| 0:38 | Altar of Darkness |
| 0:54 | Ziggurat |
| 1:09 | Ghoul |
| 1:21 | Tomb of Relics |
| 1:45 | Crypt Fiend |
| 1:57 | Ziggurat |
| 2:19 | Crypt Fiend |
| 2:37 | Nerubian Tower |
| 2:42 | Death Coil |
| 2:44 | Rod of Necromancy |
| 3:05 | Crypt Fiend |
| 3:40 | Halls of the Dead |
| 3:58 | Unholy Aura |
| 4:01 | Crypt Fiend |
| 4:08 | Ghoul |
| 4:10 | Ziggurat |
| 4:27 | Crypt Fiend |
| 4:44 | Rod of Necromancy |
| 5:02 | Ghoul |
| 5:24 | Crypt Fiend |
| 5:34 | Death Coil |
| 6:08 | Ziggurat |
| 6:39 | Web |
| 7:15 | Frost Nova |
| 7:17 | Black Citadel |
| 7:22 | Crypt Fiend |
| 7:33 | Rod of Necromancy |
| 7:49 | Crypt Fiend |
| 7:53 | Ziggurat |
| 8:15 | Unholy Aura |
| 8:28 | Slaughterhouse |
| 8:43 | Burrow |
| 9:16 | Frost Armor |
| 9:34 | Obsidian Statue |
| 9:34 | Obsidian Statue |
| 10:06 | Silence |
| 10:09 | Crypt Fiend |
| 10:12 | Ziggurat |
| 11:31 | Meat Wagon |
| 11:53 | Sacrificial Pit |
| 11:55 | Acolyte |
| 12:48 | Boneyard |
| 14:03 | Freezing Breath |
| 14:06 | Meat Wagon |
| 14:27 | Frost Wyrm |
| 14:35 | Ziggurat |
| 14:37 | Ziggurat |
| 14:53 | Frost Nova |
| 14:55 | Black Arrow |
| 15:03 | Acolyte |
| 15:03 | Acolyte |
| 15:03 | Acolyte |
| 15:03 | Acolyte |
| 16:07 | Frost Wyrm |
| 18:18 | Temple of the Damned |
| Right click | 867 |
| Select group | 164 |
| Select | 163 |
| Build/train/purchase | 81 |
| Misc. action | 47 |
| Use ability | 28 |
| Assign group | 23 |
| Chat | 13 |
| Item give/drop | 3 |
| Remove unit | 1 |